 Dungeon Crawl Stone Soup version 0.22-a0-422-g9628fc8 (webtiles) character file.

2 Firecrotchwizard the Firebug (level 1, -1/14 HPs)
             Began as a Hill Orc Fire Elementalist on May 22, 2018.
             Slain by a jackal (3 damage)
             ... on level 1 of the Dungeon.
             The game lasted 00:00:29 (25 turns).

Firecrotchwizard the Firebug (HOFE)                   Turns: 25, Time: 00:00:29

Health: -1/14      AC:  2    Str: 10    XL:     1   Next: 40%
Magic:  0/3        EV: 12    Int: 15    God:
Gold:   0          SH:  0    Dex: 11    Spells: 2/3 levels left

rFire    . . .     SeeInvis .   (no weapon)
rCold    . . .     Gourm    .   (no shield)
rNeg     . . .     Faith    .   a - +0 robe
rPois    .         Spirit   .   (no helmet)
rElec    .         Reflect  .   (no cloak)
rCorr    .         Harm     .   (no gloves)
MR       .....                  (no boots)
Stlth    ++........             (no amulet)
HPRegen  0.04/turn              (no ring)
MPRegen  0.08/turn              (no ring)

@: no status effects
A: no striking features
a: no special abilities


You were on level 1 of the Dungeon.
You were not hungry.

You visited 1 branch of the dungeon, and saw 1 of its levels.

Inventory:

Armour
 a - a +0 robe (worn)
Comestibles
 c - a ration {@e1}


   Skills:
 - Level 1.5 Dodging
 - Level 1.5 Stealth
 + Level 1.6 Spellcasting
 * Level 1.2 Conjurations
 + Level 3.3 Fire Magic


You had 2 spell levels left.
You knew the following spells:

 Your Spells              Type           Power        Failure   Level  Hunger
a - Flame Tongue          Conj/Fire      #....        9%          1    ##.....

Your spell library contained the following spells:

 Spells                   Type           Power        Failure   Level  Hunger
 Fireball                 Conj/Fire      #.........   94%         5    ######.
 Conjure Flame            Conj/Fire      #.......     26%         3    ####...
 Throw Flame              Conj/Fire      #.....       14%         2    ###....
 Sticky Flame             Conj/Fire      #.......     65%         4    #####..
 Inner Flame              Hex/Fire       #.......     34%         3    ####...


Dungeon Overview and Level Annotations

Branches:
Dungeon (1/15)

Altars:


Message History

Welcome, Firecrotchwizard the Hill Orc Fire Elementalist.
Will you prevail where others failed? Will you find the Orb of Zot?
Found a leather armour and 17 sling bullets.
Found a staircase leading out of the dungeon.
A goblin comes into view.
The goblin shouts!
A jackal comes into view.
Aim: a goblin The flame tongue hits the goblin.
You kill the goblin!
The jackal barks!
You hear a bark!
You now have 2/3 mp.
Aim: a jackal The flame tongue hits the jackal.
A jackal comes into view.
You now have 1/3 mp.
Aim: a jackal (moderately wounded)
The flame tongue misses the jackal.
The jackal bites you.
You take 1 damage, and have 13/14 hp.
You now have 0/3 mp.
You don't have enough magic to cast that spell.
You hit the jackal. The jackal barely misses you.
The jackal closely misses you.
You barely miss the jackal. The jackal closely misses you.
You barely miss the jackal. You barely miss the jackal.
A jackal comes into view.
The jackal bites you.
The jackal bites you but does no damage.
You take 1 damage, and have 12/14 hp.
You barely miss the jackal.
The jackal bites you but does no damage.
The jackal bites you.
You take 2 damage, and have 10/14 hp.
You miss the jackal.
The jackal bites you. x2; The jackal misses you.
The jackal bites you.
* * * LOW HITPOINT WARNING * * *
You take 6 damage, and have 4/14 hp.
MASSIVE DAMAGE!!
The jackal barks!
You hit the jackal.
You kill the jackal!
The jackal bites you but does no damage.
You hit the jackal. The jackal bites you.
* * * LOW HITPOINT WARNING * * *
The jackal bites you.
You die...

#..# ....
#...#######.....#
.................#
#.........# ..#
#.......## ..# #
#.......# ...#.#
##.......## #.....#
###.........###.......
..............@h...#
...............h...#
...................#
.......<...........#
.....................
..................###.
...............$..#
###.........###..##
##.......## #.#


You could see 2 jackals.

Vanquished Creatures
  A goblin (D:1)
  A jackal (D:1)
2 creatures vanquished.

Notes
Turn   | Place    | Note
-------+----------+-------------------------------------------
     0 | D:1      | Firecrotchwizard the Hill Orc Fire Elementalist began the quest for the Orb.
     0 | D:1      | Reached XP level 1. HP: 14/14 MP: 3/3
    25 | D:1      | HP: 2/14 [jackal (3)]
    25 | D:1      | Slain by a jackal

Vault maps used:
D:1:      minmay_arrival_four_circles

Action                   || total
-------------------------++-------
Melee: Unarmed           ||     8
 Cast: Flame Tongue      ||     3
Armor: Robe              ||     3
Dodge: Dodged            ||     4

Table legend:
 A = Spawn XP
 B = Non-spawn XP
 C = Spawn XP percentage of total XP
 D = Spawn monster count
 E = Non-spawn monster count
 F = Spawn count percentage of total count
 G = Total turns spent on level
                    A         B        C        D         E        F      G
               +---------+---------+-------+---------+---------+-------+---------
         Total |       0 |       4 |   0.0 |       0 |       2 |   0.0 |    25
               +---------+---------+-------+---------+---------+-------+---------
           D:1 |       0 |       4 |   0.0 |       0 |       2 |   0.0 |    25
               +---------+---------+-------+---------+---------+-------+---------

Vault maps used:
D:1:      minmay_arrival_four_circles

Table legend:
 A = Turns spent in this place as a percentage of turns spent in the entire game.
 B = Non-inter-level travel turns spent in this place as a percentage of non-inter-level travel turns spent in the entire game.
 C = Inter-level travel turns spent in this place as a percentage of turns spent in this place.
 D = Turns resting spent in this place as a percentage of non-inter-level travel turns spent in this place.
 E = Turns spent auto-exploring this place as a percentage of non-inter-level travel turns spent in this place.
 F = Non-inter-level travel turns spent in this place divided by the number of levels of this place that you've seen.
                   A       B       C       D       E      F
               +-------+-------+-------+-------+-------+----------------------
         Total | 100.0 | 100.0 |   0.0 |   0.0 |  44.0 |  25.0
       Dungeon | 100.0 | 100.0 |   0.0 |   0.0 |  44.0 |  25.0
               +-------+-------+-------+-------+-------+----------------------

Table legend:
 A = Kills in this place as a percentage of kills in entire the game.
 B = Kills by you in this place as a percentage of kills by you in the entire game.
 C = Kills by friends in this place as a percentage of kills by friends in the entire game.
 D = Other kills in this place as a percentage of other kills in the entire game.
 E = Experience gained in this place as a percentage of experience gained in the entire game.
 F = Experience gained in this place divided by the number of levels of this place that you have seen.
                   A       B       C       D       E      F
               +-------+-------+-------+-------+-------+----------------------
         Total | 100.0 | 100.0 |   N/A |   N/A | 100.0 |   4.0
       Dungeon | 100.0 | 100.0 |   N/A |   N/A | 100.0 |   4.0
               +-------+-------+-------+-------+-------+----------------------
